Penguins vs Coyotes

Created - 15 octobre 2015 at 19:00

Goals
1 2 3 T
Penguins 0 1 1 2
Coyotes 2 0 3 5
Shots
1 2 3 T
Penguins 7 14 12 33
Coyotes 10 6 10 26

1st period

1. Coyotes , Drew Miller 1 (Sergei Shirokov, Brendon Nash) at 7:18
2. Coyotes , Frans Nielsen 1 (Drew Miller, Nazem Kadri) at 13:46

Penalties :
Luke Schenn (Pit) for Tripping (Minor) at 9:59, Adrian Aucoin (Ari) for Holding (Minor) at 17:02

2nd period

3. Penguins , Steven Stamkos 4 (Bobby Ryan, Brent Sopel) at 4:33

Penalties :
Denis Grebeshkov (Ari) for Roughing (Minor) at 5:30, Matt Taormina (Ari) for Holding (Minor) at 13:28, Luke Schenn (Pit) for Interference (Minor) at 16:41

3rd period

4. Coyotes , Sergei Shirokov 2 (Nazem Kadri, Tyler Ennis) at 2:55 (PP)
5. Coyotes , Marian Gaborik 5 (Tim Connolly, Drew Miller) at 11:15 (PP)
6. Coyotes , Erik Christensen 2 (Matt Taormina, Erik Cole) at 16:03 (PP)
7. Penguins , Oleg Kvasha 1 (Steve Sullivan, Luke Schenn) at 19:51

Penalties :
Bobby Ryan (Pit) for Tripping (Minor) at 2:18, Steven Stamkos (Pit) for Interference (Minor) at 3:24, Tyler Ennis (Ari) for Charging (Minor) at 3:53, Brent Sopel (Pit) for Hooking (Minor) at 7:35, Ryan Kesler (Pit) for Holding (Minor) at 11:03, Brent Sopel (Pit) for Charging (Double Minor) at 12:17, Matt Taormina (Ari) for Hooking (Minor) at 17:10

Goalie Stats

Brian Elliott (Pit), 21 saves from 26 shots - (0,808), L, 1-2-1, 60:00 minutes
Ryan Miller (Ari), 31 saves from 33 shots - (0,939), W, 4-1-0, 60:00 minutes

Players Stats for Penguins

Player Name              G  A  P  +/- PIM S  H  SB GA TA FO     MP     PP MP  PK MP  
------------------------------------------------------------------------------------
Bobby Ryan               0  1  1   1  2   2  3  0  2  0  1/1    18:19   4:12   3:11 
Brendan Smith            0  0  0  -1  0   1  1  0  0  0  0/0    11:00   0:00   1:31 
Brent Sopel              0  1  1   2  6   1  4  0  0  0  0/0    18:05   3:13   2:09 
Brian McGrattan          0  0  0  -1  0   0  1  0  1  0  0/1     7:23   0:06   2:13 
Brooks Orpik             0  0  0  -1  0   3  1  2  0  1  0/0    29:31   5:12   5:52 
Darren Reid              0  0  0   1  0   3  1  0  1  0  0/0    10:47   0:14   0:00 
Denis Arkhipov           0  0  0  -1  0   1  0  0  0  0  1/4     5:19   0:00   0:25 
Dustin Penner            0  0  0   1  0   3  0  0  0  0  0/0    16:24   4:01   1:28 
Ladislav Nagy            0  0  0  -1  0   1  0  0  0  0  0/0     4:54   0:00   0:00 
Luke Schenn              0  1  1   2  4   2  1  0  0  0  0/0    19:07   3:13   3:08 
Nathan Horton            0  0  0  -1  0   0  1  0  1  1  0/0    20:27   4:13   3:11 
Oleg Kvasha              1  0  1   1  0   3  0  0  0  0  3/5    10:01   0:00   0:00 
Paul Ranger              0  0  0  -1  0   1  1  1  0  0  0/0    12:55   0:00   3:30 
Ryan Kesler              0  0  0  -1  2   3  0  1  1  1  16/32  23:41   4:02   5:39 
Sean Zimmerman           0  0  0  -1  0   1  4  3  0  3  0/0    29:31   5:12   5:52 
Simon Gagné              0  0  0  -1  0   3  0  1  0  1  3/4    24:12   4:04   5:55 
Steve Sullivan           0  1  1   1  0   3  2  0  0  0  1/1    10:40   0:11   0:00 
Steven Stamkos           1  0  1   1  2   2  1  0  0  0  8/18   15:06   4:12   0:00 

Players Stats for Coyotes

Player Name              G  A  P  +/- PIM S  H  SB GA TA FO     MP     PP MP  PK MP  
------------------------------------------------------------------------------------
Adrian Aucoin            0  0  0   1  2   1  1  1  1  1  0/0    14:40   0:00   2:21 
Anton Stralman           0  0  0   1  0   1  1  0  0  3  0/0    22:50   5:04   4:26 
Brendon Nash             0  1  1  -1  0   0  0  1  0  0  0/0     9:24   0:00   0:00 
Denis Grebeshkov         0  0  0   0  2   0  1  0  0  0  0/0    27:39   5:57   3:56 
Drew Miller              1  2  3   1  0   5  2  0  2  0  0/1    20:50   5:49   3:25 
Erik Christensen         1  0  1   0  0   2  1  0  0  0  2/4     6:57   0:34   0:00 
Erik Cole                0  1  1   0  0   1  1  1  0  0  0/0    13:24   0:34   4:25 
Frans Nielsen            1  0  1   1  0   2  1  1  0  1  11/18  15:31   0:00   4:14 
Georges Laraque          0  0  0   0  0   1  0  0  0  0  0/1     8:37   0:34   0:00 
Jan Hlavac               0  0  0   0  0   0  2  0  1  0  0/0     9:22   0:00   2:48 
Jonathan Tremblay        0  0  0   0  0   1  0  0  0  0  0/0     6:23   0:00   0:00 
Marian Gaborik           1  0  1  -1  0   3  2  0  2  0  1/2    19:49   5:49   0:00 
Matt Taormina            0  1  1  -1  4   0  1  1  0  0  0/0    18:43   5:04   2:52 
Nazem Kadri              0  2  2   0  0   1  0  0  0  0  7/12   15:16   4:38   1:51 
Sergei Shirokov          1  1  2   1  0   3  1  1  0  0  0/0    15:43   4:38   0:00 
Tim Connolly             0  1  1  -1  0   1  2  0  0  0  12/28  19:49   5:49   0:00 
Tyler Ennis              0  1  1  -1  2   3  3  3  1  0  0/0    18:05   4:37   0:07 
Wade Redden              0  0  0   0  0   1  1  5  0  1  0/0    26:58   5:57   3:15 

3 Stars

1 - Drew Miller (Ari)
2 - Sergei Shirokov (Ari)
3 - Frans Nielsen (Ari)

Power Play

Penguins - 0 on 5 Attempt(s) - 0,00%
Coyotes - 3 on 8 Attempt(s) - 37,50%

Penalty Kill

Penguins - 5 on 8 Attempt(s) - 62,50% - Score 0 goal in Penalty Kill
Coyotes - 5 on 5 Attempt(s) - 100,00% - Score 0 goal in Penalty Kill

Team Stat

Penguins - Hits : 21 - Faceoff Wins : 33 - Blocked Shots : 8 - Penalty Minutes : 16
Coyotes - Hits : 20 - Faceoff Wins : 33 - Blocked Shots : 14 - Penalty Minutes : 10

Official

Referees : Fraser Kerry and LaRue Dennis
Linesman : Vaughan Rody and Tim Nowak

Game Notes

No Game Note

Finance

Level 1 -- Attendance: 5121 (85,35%) -- Ticket Income 445 527 $
Level 2 -- Attendance: 3980 (79,60%) -- Ticket Income 222 880 $
Level 3 -- Attendance: 1320 (66,00%) -- Ticket Income 50 160 $
Level 4 -- Attendance: 2433 (60,83%) -- Ticket Income 63 258 $
Luxury Box -- Attendance: 642 (64,20%) -- Ticket Income 125 190 $
Game was played at the The Pack Center'
Total Attendance: 13496 (74,98%)
Total Ticket Income: 907 015 $
Other Income: 136 052 $
Total Income: 1 043 067 $

Penguins

5 vs 5 Forward 
   Center                   Left Wing                Right Wing               Time % Phy DF OF 
 1 Ryan Kesler              Simon Gagné              Nathan Horton            40     1   2  2  
 2 Steven Stamkos           Dustin Penner            Bobby Ryan               30     1   2  2  
 3 Oleg Kvasha              Steve Sullivan           Darren Reid              20     1   2  2  
 4 Denis Arkhipov           Ladislav Nagy            Brian McGrattan          10     1   2  2  

5 vs 5 Defense 
   Defense                  Defense                                           Time % Phy DF OF 
 1 Brooks Orpik             Sean Zimmerman                                    40     1   2  2  
 2 Brent Sopel              Luke Schenn                                       30     1   2  2  
 3 Brendan Smith            Paul Ranger                                       20     1   2  2  
 4 Brooks Orpik             Sean Zimmerman                                    10     1   2  2  

PowerPlay Forward 
   Center                   Left Wing                Right Wing               Time % Phy DF OF 
 1 Ryan Kesler              Simon Gagné              Nathan Horton            60     1   2  2  
 2 Steven Stamkos           Dustin Penner            Bobby Ryan               40     1   2  2  

PowerPlay Defense
   Defense                  Defense                                           Time % Phy DF OF 
 1 Brooks Orpik             Sean Zimmerman                                    60     1   2  2  
 2 Brent Sopel              Luke Schenn                                       40     1   2  2  

Penalty Kill 4 Players Forward 
   Center                   Wing                     Time % Phy DF OF 
 1 Ryan Kesler              Simon Gagné              60     1   2  2  
 2 Nathan Horton            Bobby Ryan               40     1   2  2  

Penalty Kill 4 Players Defense
   Defense                  Defense                  Time % Phy DF OF 
 1 Brooks Orpik             Sean Zimmerman           60     1   2  2  
 2 Brent Sopel              Luke Schenn              40     1   2  2  

Penalty Kill - 3 Players Forward 
   Forward                                           Time % Phy DF OF 
 1 Ryan Kesler                                       60     1   2  2  
 2 Simon Gagné                                       40     1   2  2  

Penalty Kill - 3 Players Defense
   Defense                  Defense                  Time % Phy DF OF 
 1 Brooks Orpik             Sean Zimmerman           60     1   2  2  
 2 Brent Sopel              Luke Schenn              40     1   2  2  

4 vs 4 Forward 
   Center                   Wing                     Time % Phy DF OF 
 1 Ryan Kesler              Simon Gagné              60     1   2  2  
 2 Nathan Horton            Bobby Ryan               40     1   2  2  

4 vs 4 Defense
   Defense                  Defense                  Time % Phy DF OF 
 1 Brooks Orpik             Sean Zimmerman           60     1   2  2  
 2 Brent Sopel              Luke Schenn              40     1   2  2  

Last Minutes Offensive
   Center                   Left Wing                Right Wing               Defense                  Defense                  
   Ryan Kesler              Simon Gagné              Nathan Horton            Brooks Orpik             Sean Zimmerman           

Last Minutes Defensive
   Center                   Left Wing                Right Wing               Defense                  Defense                  
   Ryan Kesler              Simon Gagné              Nathan Horton            Brooks Orpik             Sean Zimmerman           

Goaltenders
Starting : Brian Elliott            
Backup : Josh Tordjman            

Extra Forwards
Normal : Darren Reid, Steve Sullivan, Brian McGrattan - PP : Darren Reid, Steve Sullivan - PK : Brian McGrattan
Extra Defensemen
Normal : Brendan Smith, Paul Ranger, Brent Sopel - PP : Brendan Smith - PK : Paul Ranger, Brent Sopel
Penalty Shots
Ryan Kesler, Simon Gagné, Nathan Horton, Bobby Ryan, Darren Reid

Coyotes

5 vs 5 Forward 
   Center                   Left Wing                Right Wing               Time % Phy DF OF 
 1 Tim Connolly             Tyler Ennis              Marian Gaborik           35     0   1  4  
 2 Frans Nielsen            Drew Miller              Sergei Shirokov          29     1   2  2  
 3 Nazem Kadri              Erik Cole                Georges Laraque          25     2   2  1  
 4 Erik Christensen         Jan Hlavac               Jonathan Tremblay        11     1   3  1  

5 vs 5 Defense 
   Defense                  Defense                                           Time % Phy DF OF 
 1 Denis Grebeshkov         Wade Redden                                       40     1   1  3  
 2 Adrian Aucoin            Anton Stralman                                    32     1   3  1  
 3 Brendon Nash             Matt Taormina                                     27     1   2  2  
 4 Anton Stralman           Denis Grebeshkov                                  1      0   4  1  

PowerPlay Forward 
   Center                   Left Wing                Right Wing               Time % Phy DF OF 
 1 Tim Connolly             Drew Miller              Marian Gaborik           60     0   0  5  
 2 Nazem Kadri              Tyler Ennis              Sergei Shirokov          40     0   0  5  

PowerPlay Defense
   Defense                  Defense                                           Time % Phy DF OF 
 1 Wade Redden              Denis Grebeshkov                                  60     0   0  5  
 2 Anton Stralman           Matt Taormina                                     40     0   0  5  

Penalty Kill 4 Players Forward 
   Center                   Wing                     Time % Phy DF OF 
 1 Frans Nielsen            Erik Cole                60     0   5  0  
 2 Drew Miller              Jan Hlavac               40     0   5  0  

Penalty Kill 4 Players Defense
   Defense                  Defense                  Time % Phy DF OF 
 1 Matt Taormina            Denis Grebeshkov         60     0   5  0  
 2 Wade Redden              Anton Stralman           40     0   5  0  

Penalty Kill - 3 Players Forward 
   Forward                                           Time % Phy DF OF 
 1 Frans Nielsen                                     60     0   5  0  
 2 Drew Miller                                       40     0   5  0  

Penalty Kill - 3 Players Defense
   Defense                  Defense                  Time % Phy DF OF 
 1 Brendon Nash             Wade Redden              60     0   5  0  
 2 Denis Grebeshkov         Anton Stralman           40     0   5  0  

4 vs 4 Forward 
   Center                   Wing                     Time % Phy DF OF 
 1 Tim Connolly             Marian Gaborik           56     1   1  3  
 2 Nazem Kadri              Drew Miller              44     1   2  2  

4 vs 4 Defense
   Defense                  Defense                  Time % Phy DF OF 
 1 Matt Taormina            Wade Redden              56     1   3  1  
 2 Denis Grebeshkov         Anton Stralman           44     1   3  1  

Last Minutes Offensive
   Center                   Left Wing                Right Wing               Defense                  Defense                  
   Tim Connolly             Drew Miller              Marian Gaborik           Denis Grebeshkov         Wade Redden              

Last Minutes Defensive
   Center                   Left Wing                Right Wing               Defense                  Defense                  
   Frans Nielsen            Drew Miller              Erik Cole                Matt Taormina            Anton Stralman           

Goaltenders
Starting : Ryan Miller              
Backup : Marc Denis               

Extra Forwards
Normal : Marian Gaborik, Tim Connolly, Sergei Shirokov - PP : Erik Cole, Erik Christensen - PK : Jan Hlavac
Extra Defensemen
Normal : Wade Redden, Denis Grebeshkov, Anton Stralman - PP : Wade Redden - PK : Anton Stralman, Denis Grebeshkov
Penalty Shots
Tyler Ennis, Marian Gaborik, Tim Connolly, Jan Hlavac, Sergei Shirokov

% Time on Ice - Penguins

Lines # - Real PCT - Wanted PCT - Time Play
Normal Forward
1 - 34% - 40% - 13:14
2 - 28% - 30% - 10:55
3 - 26% - 20% - 10:01
4 - 13% - 10% - 4:54
Normal Defense
1 - 43% - 40% - 16:38
2 - 31% - 30% - 12:01
3 - 24% - 20% - 9:25
4 - 3% - 10% - 1:00
PP Forward
1 - 50% - 60% - 4:13
2 - 50% - 40% - 4:12
PP Defense
1 - 62% - 60% - 5:12
2 - 38% - 40% - 3:13
PK Forward
1 - 71% - 60% - 7:50
2 - 29% - 40% - 3:11
PK Defense
1 - 53% - 60% - 5:52
2 - 47% - 40% - 5:09
PK3 Forward
1 - 0% - 60%
2 - 0% - 40%
PK3 Defense
1 - 0% - 60%
2 - 0% - 40%
44 Forward
1 - 98% - 60% - 1:28
2 - 2% - 40% - 0:02
44 Defense
1 - 54% - 60% - 0:49
2 - 46% - 40% - 0:41
Last Minute Offensive  - 0:00
Last Minute Defensive  - 0:00
Total
Forward - 60:00
Defense - 60:00

% Time on Ice - Coyotes

Lines # - Real PCT - Wanted PCT - Time Play
Normal Forward
1 - 34% - 35% - 13:26
2 - 29% - 29% - 11:12
3 - 21% - 25% - 8:03
4 - 16% - 11% - 6:23
Normal Defense
1 - 44% - 40% - 17:06
2 - 32% - 32% - 12:34
3 - 24% - 27% - 9:24
4 - 0% - 1% - 0:00
PP Forward
1 - 58% - 60% - 6:23
2 - 42% - 40% - 4:38
PP Defense
1 - 54% - 60% - 5:57
2 - 46% - 40% - 5:04
PK Forward
1 - 83% - 60% - 6:57
2 - 17% - 40% - 1:28
PK Defense
1 - 79% - 60% - 6:40
2 - 21% - 40% - 1:45
PK3 Forward
1 - 0% - 60%
2 - 0% - 40%
PK3 Defense
1 - 0% - 60%
2 - 0% - 40%
44 Forward
1 - 70% - 56% - 1:03
2 - 30% - 44% - 0:27
44 Defense
1 - 58% - 56% - 0:52
2 - 42% - 44% - 0:38
Last Minute Offensive  - 0:00
Last Minute Defensive  - 0:00
Total
Forward - 60:00
Defense - 60:00

Play by Play

1st period


0:01 of 1st period - Tim Connolly wins face-off versus Ryan Kesler in neutral zone.
0:10 of 1st period - Snap shot by Nathan Horton.
0:10 of 1st period - Deflect By Ryan Kesler.
0:10 of 1st period - Shot Blocked by Tyler Ennis.
0:10 of 1st period - Puck is out of play.
0:11 of 1st period - Steven Stamkos wins face-off versus Frans Nielsen in Coyotes zone.
0:12 of 1st period - Wrist shot by Bobby Ryan.
0:12 of 1st period - Shot Misses the Net.
0:27 of 1st period - Snap shot by Drew Miller.
0:27 of 1st period - Shot Misses the Net.
0:37 of 1st period - Anton Stralman is hit by Brent Sopel and loses puck.
1:04 of 1st period - Snap shot by Tyler Ennis.
1:04 of 1st period - Stopped by Brian Elliott with a rebound.
1:06 of 1st period - Snap shot by Tyler Ennis.
1:06 of 1st period - Deflect By Tim Connolly.
1:06 of 1st period - Stopped by Brian Elliott without a rebound.
1:07 of 1st period - Erik Christensen wins face-off versus Denis Arkhipov in Penguins zone.
1:07 of 1st period - Erik Christensen is hit by Brooks Orpik.
1:15 of 1st period - Wrist shot by Erik Christensen.
1:15 of 1st period - Stopped by Brian Elliott with a rebound.
1:17 of 1st period - Slapshot by Denis Grebeshkov.
1:17 of 1st period - Shot Misses the Net.
3:00 of 1st period - Wrist shot by Sergei Shirokov.
3:00 of 1st period - Deflect By Drew Miller.
3:00 of 1st period - Stopped by Brian Elliott without a rebound.
3:01 of 1st period - Steven Stamkos wins face-off versus Tim Connolly in Penguins zone.
3:28 of 1st period - Anton Stralman is hit by Darren Reid and loses puck.
3:33 of 1st period - Wrist shot by Steve Sullivan.
3:33 of 1st period - Shot Misses the Net.
3:35 of 1st period - Slapshot by Brendan Smith.
3:35 of 1st period - Deflect By Anton Stralman.
3:35 of 1st period - Stopped by Ryan Miller with a rebound.
3:37 of 1st period - Snap shot by Darren Reid.
3:37 of 1st period - Stopped by Ryan Miller without a rebound.
3:38 of 1st period - Ryan Kesler wins face-off versus Nazem Kadri in Coyotes zone.
4:28 of 1st period - Anton Stralman is hit by Sean Zimmerman and loses puck.
4:59 of 1st period - Wrist shot by Ladislav Nagy.
4:59 of 1st period - Shot Blocked by Tyler Ennis.
5:42 of 1st period - Snap shot by Steve Sullivan.
5:42 of 1st period - Shot Misses the Net.
5:48 of 1st period - Wrist shot by Darren Reid.
5:48 of 1st period - Stopped by Ryan Miller with a rebound.
6:26 of 1st period - Slapshot by Tyler Ennis.
6:26 of 1st period - Deflect By Marian Gaborik.
6:26 of 1st period - Shot Misses the Net.
6:26 of 1st period - Puck is out of play.
6:27 of 1st period - Frans Nielsen wins face-off versus Ryan Kesler in Penguins zone.
6:53 of 1st period - Denis Grebeshkov is hit by Sean Zimmerman and loses puck.
7:10 of 1st period - Slapshot by Drew Miller.
7:10 of 1st period - Shot Blocked by Ryan Kesler.
7:18 of 1st period - Snap shot by Drew Miller.
7:18 of 1st period - Goal by Drew Miller - Penguins : 0 - Coyotes : 1.
7:19 of 1st period - Steven Stamkos wins face-off versus Tim Connolly in neutral zone.
7:30 of 1st period - Slapshot by Bobby Ryan.
7:30 of 1st period - Shot Misses the Net.
7:46 of 1st period - Georges Laraque is hit by Brent Sopel and loses puck.
8:24 of 1st period - Off-side.
8:25 of 1st period - Frans Nielsen wins face-off versus Simon Gagné in neutral zone.
9:04 of 1st period - Brendon Nash is hit by Sean Zimmerman and loses puck.
9:17 of 1st period - Oleg Kvasha is hit by Matt Taormina and loses puck.
9:22 of 1st period - Snap shot by Erik Cole.
9:22 of 1st period - Shot Misses the Net.
9:24 of 1st period - Slapshot by Adrian Aucoin.
9:24 of 1st period - Shot Misses the Net.
9:26 of 1st period - Wrist shot by Georges Laraque.
9:26 of 1st period - Stopped by Brian Elliott with a rebound.
9:59 of 1st period - Minor Penalty to Luke Schenn for Tripping.
10:00 of 1st period - Ryan Kesler wins face-off versus Tim Connolly in Penguins zone.
11:59 of 1st period - Penalty to Luke Schenn is over, Luke Schenn is back on ice.
12:18 of 1st period - Snap shot by Steve Sullivan.
12:18 of 1st period - Stopped by Ryan Miller without a rebound.
12:19 of 1st period - Nazem Kadri wins face-off versus Steven Stamkos in Coyotes zone.
12:37 of 1st period - Icing by Luke Schenn.
12:38 of 1st period - Oleg Kvasha wins face-off versus Erik Christensen in Penguins zone.
13:05 of 1st period - Ryan Kesler is hit by Marian Gaborik and loses puck.
13:46 of 1st period - Snap shot by Frans Nielsen.
13:46 of 1st period - Goal by Frans Nielsen - Penguins : 0 - Coyotes : 2.
13:47 of 1st period - Tim Connolly wins face-off versus Ryan Kesler in neutral zone.
14:33 of 1st period - Slapshot by Adrian Aucoin.
14:33 of 1st period - Shot Misses the Net.
14:43 of 1st period - Wrist shot by Erik Cole.
14:43 of 1st period - Stopped by Brian Elliott with a rebound.
14:57 of 1st period - Wrist shot by Ryan Kesler.
14:57 of 1st period - Stopped by Ryan Miller without a rebound.
14:58 of 1st period - Erik Christensen wins face-off versus Ryan Kesler in Coyotes zone.
15:07 of 1st period - Slapshot by Wade Redden.
15:07 of 1st period - Deflect By Jonathan Tremblay.
15:07 of 1st period - Stopped by Brian Elliott with a rebound.
15:31 of 1st period - Wrist shot by Dustin Penner.
15:31 of 1st period - Stopped by Ryan Miller without a rebound.
15:32 of 1st period - Frans Nielsen wins face-off versus Steven Stamkos in Coyotes zone.
16:08 of 1st period - Snap shot by Marian Gaborik.
16:08 of 1st period - Shot Blocked by Simon Gagné.
16:10 of 1st period - Wrist shot by Tyler Ennis.
16:10 of 1st period - Stopped by Brian Elliott with a rebound.
16:24 of 1st period - Snap shot by Steve Sullivan.
16:24 of 1st period - Deflect By Oleg Kvasha.
16:24 of 1st period - Stopped by Ryan Miller with a rebound.
17:02 of 1st period - Minor Penalty to Adrian Aucoin for Holding.
17:03 of 1st period - Ryan Kesler wins face-off versus Frans Nielsen in Coyotes zone.
17:13 of 1st period - Off-side.
17:14 of 1st period - Frans Nielsen wins face-off versus Ryan Kesler in neutral zone.
17:59 of 1st period - Nathan Horton is hit by Frans Nielsen and loses puck.
19:02 of 1st period - Penalty to Adrian Aucoin is over, Adrian Aucoin is back on ice.
19:20 of 1st period - Luke Schenn is hit by Marian Gaborik and loses puck.
19:33 of 1st period - Brian McGrattan is hit by Jan Hlavac.
Goals for this period are 0 for Penguins vs 2 for Coyotes.
Shots for this period are 7 for Penguins vs 10 for Coyotes.

2nd period


0:01 of 2nd period - Ryan Kesler wins face-off versus Tim Connolly in neutral zone.
0:09 of 2nd period - Icing by Ryan Kesler.
0:10 of 2nd period - Simon Gagné wins face-off versus Tim Connolly in Penguins zone.
2:25 of 2nd period - Snap shot by Tyler Ennis.
2:25 of 2nd period - Deflect By Brooks Orpik.
2:25 of 2nd period - Shot Blocked by Sean Zimmerman.
2:25 of 2nd period - Puck is out of play.
2:26 of 2nd period - Steven Stamkos wins face-off versus Frans Nielsen in Penguins zone.
3:06 of 2nd period - Snap shot by Darren Reid.
3:06 of 2nd period - Shot Misses the Net.
3:08 of 2nd period - Snap shot by Oleg Kvasha.
3:08 of 2nd period - Stopped by Ryan Miller with a rebound.
3:46 of 2nd period - Off-side.
3:47 of 2nd period - Oleg Kvasha wins face-off versus Nazem Kadri in neutral zone.
4:15 of 2nd period - Off-side.
4:16 of 2nd period - Frans Nielsen wins face-off versus Steven Stamkos in neutral zone.
4:29 of 2nd period - Slapshot by Steven Stamkos.
4:29 of 2nd period - Shot Misses the Net.
4:31 of 2nd period - Slapshot by Brent Sopel.
4:31 of 2nd period - Deflect By Sergei Shirokov.
4:31 of 2nd period - Stopped by Ryan Miller with a rebound.
4:33 of 2nd period - Wrist shot by Bobby Ryan.
4:33 of 2nd period - Deflect By Steven Stamkos.
4:33 of 2nd period - Goal by Steven Stamkos - Penguins : 1 - Coyotes : 2.
4:34 of 2nd period - Steven Stamkos wins face-off versus Frans Nielsen in neutral zone.
4:45 of 2nd period - Snap shot by Steven Stamkos.
4:45 of 2nd period - Shot Misses the Net.
4:47 of 2nd period - Wrist shot by Dustin Penner.
4:47 of 2nd period - Shot Blocked by Frans Nielsen.
5:03 of 2nd period - Wrist shot by Tim Connolly.
5:03 of 2nd period - Deflect By Tyler Ennis.
5:03 of 2nd period - Stopped by Brian Elliott without a rebound.
5:04 of 2nd period - Tim Connolly wins face-off versus Ryan Kesler in Penguins zone.
5:07 of 2nd period - Wrist shot by Marian Gaborik.
5:07 of 2nd period - Shot Misses the Net.
5:30 of 2nd period - Minor Penalty to Denis Grebeshkov for Roughing.
5:31 of 2nd period - Frans Nielsen wins face-off versus Ryan Kesler in Coyotes zone.
6:32 of 2nd period - Brent Sopel is hit by Jan Hlavac and loses puck.
6:43 of 2nd period - Adrian Aucoin is hit by Bobby Ryan and loses puck.
7:03 of 2nd period - Icing by Simon Gagné.
7:04 of 2nd period - Ryan Kesler wins face-off versus Nazem Kadri in Penguins zone.
7:25 of 2nd period - Bobby Ryan is hit by Drew Miller and loses puck.
7:30 of 2nd period - Penalty to Denis Grebeshkov is over, Denis Grebeshkov is back on ice.
7:46 of 2nd period - Darren Reid is hit by Tim Connolly and loses puck.
8:05 of 2nd period - Steve Sullivan is hit by Denis Grebeshkov and loses puck.
8:16 of 2nd period - Snap shot by Darren Reid.
8:16 of 2nd period - Shot Misses the Net.
8:18 of 2nd period - Snap shot by Steve Sullivan.
8:18 of 2nd period - Shot Blocked by Wade Redden.
8:20 of 2nd period - Wrist shot by Luke Schenn.
8:20 of 2nd period - Stopped by Ryan Miller without a rebound.
8:21 of 2nd period - Frans Nielsen wins face-off versus Ryan Kesler in Coyotes zone.
8:36 of 2nd period - Slapshot by Drew Miller.
8:36 of 2nd period - Shot Misses the Net.
8:38 of 2nd period - Snap shot by Drew Miller.
8:38 of 2nd period - Stopped by Brian Elliott without a rebound.
8:39 of 2nd period - Nazem Kadri wins face-off versus Steven Stamkos in Penguins zone.
8:50 of 2nd period - Snap shot by Bobby Ryan.
8:50 of 2nd period - Shot Blocked by Matt Taormina.
8:52 of 2nd period - Wrist shot by Dustin Penner.
8:52 of 2nd period - Stopped by Ryan Miller without a rebound.
8:53 of 2nd period - Frans Nielsen wins face-off versus Ryan Kesler in Coyotes zone.
9:00 of 2nd period - Slapshot by Adrian Aucoin.
9:00 of 2nd period - Stopped by Brian Elliott with a rebound.
9:02 of 2nd period - Slapshot by Sergei Shirokov.
9:02 of 2nd period - Stopped by Brian Elliott with a rebound.
9:04 of 2nd period - Snap shot by Sergei Shirokov.
9:04 of 2nd period - Stopped by Brian Elliott without a rebound.
9:05 of 2nd period - Nazem Kadri wins face-off versus Ryan Kesler in Penguins zone.
9:14 of 2nd period - Wrist shot by Simon Gagné.
9:14 of 2nd period - Shot Blocked by Wade Redden.
9:16 of 2nd period - Snap shot by Nathan Horton.
9:16 of 2nd period - Deflect By Ryan Kesler.
9:16 of 2nd period - Stopped by Ryan Miller with a rebound.
9:18 of 2nd period - Snap shot by Nathan Horton.
9:18 of 2nd period - Deflect By Simon Gagné.
9:18 of 2nd period - Stopped by Ryan Miller with a rebound.
9:35 of 2nd period - Bobby Ryan is hit by Tim Connolly and loses puck.
10:57 of 2nd period - Slapshot by Anton Stralman.
10:57 of 2nd period - Shot Blocked by Brooks Orpik.
10:59 of 2nd period - Slapshot by Anton Stralman.
10:59 of 2nd period - Shot Misses the Net.
11:09 of 2nd period - Snap shot by Marian Gaborik.
11:09 of 2nd period - Stopped by Brian Elliott without a rebound.
11:10 of 2nd period - Frans Nielsen wins face-off versus Denis Arkhipov in Penguins zone.
11:44 of 2nd period - Slapshot by Brooks Orpik.
11:44 of 2nd period - Stopped by Ryan Miller without a rebound.
11:45 of 2nd period - Steven Stamkos wins face-off versus Nazem Kadri in Coyotes zone.
12:01 of 2nd period - Snap shot by Steven Stamkos.
12:01 of 2nd period - Shot Blocked by Adrian Aucoin.
12:08 of 2nd period - Icing by Nazem Kadri.
12:09 of 2nd period - Tim Connolly wins face-off versus Ryan Kesler in Coyotes zone.
12:33 of 2nd period - Off-side.
12:34 of 2nd period - Frans Nielsen wins face-off versus Steven Stamkos in neutral zone.
12:47 of 2nd period - Slapshot by Dustin Penner.
12:47 of 2nd period - Stopped by Ryan Miller without a rebound.
12:48 of 2nd period - Simon Gagné wins face-off versus Tim Connolly in Coyotes zone.
12:49 of 2nd period - Snap shot by Ryan Kesler.
12:49 of 2nd period - Shot Blocked by Wade Redden.
12:51 of 2nd period - Snap shot by Ryan Kesler.
12:51 of 2nd period - Shot Misses the Net.
12:53 of 2nd period - Slapshot by Brooks Orpik.
12:53 of 2nd period - Stopped by Ryan Miller without a rebound.
12:54 of 2nd period - Ryan Kesler wins face-off versus Tim Connolly in Coyotes zone.
13:03 of 2nd period - Slapshot by Simon Gagné.
13:03 of 2nd period - Deflect By Denis Grebeshkov.
13:03 of 2nd period - Stopped by Ryan Miller with a rebound.
13:24 of 2nd period - Snap shot by Bobby Ryan.
13:24 of 2nd period - Stopped by Ryan Miller without a rebound.
13:25 of 2nd period - Nazem Kadri wins face-off versus Steven Stamkos in Coyotes zone.
13:25 of 2nd period - Nazem Kadri is hit by Paul Ranger.
13:28 of 2nd period - Minor Penalty to Matt Taormina for Holding.
13:29 of 2nd period - Ryan Kesler wins face-off versus Frans Nielsen in Coyotes zone.
15:28 of 2nd period - Penalty to Matt Taormina is over, Matt Taormina is back on ice.
16:19 of 2nd period - Erik Cole is hit by Brendan Smith and loses puck.
16:30 of 2nd period - Dustin Penner is hit by Drew Miller and loses puck.
16:41 of 2nd period - Minor Penalty to Luke Schenn for Interference.
16:42 of 2nd period - Tim Connolly wins face-off versus Ryan Kesler in Penguins zone.
18:15 of 2nd period - Anton Stralman is hit by Nathan Horton and loses puck.
18:41 of 2nd period - Penalty to Luke Schenn is over, Luke Schenn is back on ice.
19:00 of 2nd period - Snap shot by Steve Sullivan.
19:00 of 2nd period - Stopped by Ryan Miller with a rebound.
19:02 of 2nd period - Slapshot by Sean Zimmerman.
19:02 of 2nd period - Stopped by Ryan Miller without a rebound.
19:03 of 2nd period - Nazem Kadri wins face-off versus Steven Stamkos in Coyotes zone.
19:10 of 2nd period - Paul Ranger is hit by Adrian Aucoin and loses puck.
19:23 of 2nd period - Brendan Smith is hit by Erik Christensen and loses puck.
Goals for this period are 1 for Penguins vs 0 for Coyotes.
Shots for this period are 14 for Penguins vs 6 for Coyotes.

3rd period


0:01 of 3rd period - Tim Connolly wins face-off versus Ryan Kesler in neutral zone.
0:03 of 3rd period - Denis Grebeshkov is hit by Sean Zimmerman and loses puck.
0:35 of 3rd period - Sergei Shirokov is hit by Steven Stamkos and loses puck.
0:53 of 3rd period - Icing by Luke Schenn.
0:54 of 3rd period - Nazem Kadri wins face-off versus Oleg Kvasha in Penguins zone.
1:19 of 3rd period - Steve Sullivan is hit by Sergei Shirokov and loses puck.
2:09 of 3rd period - Wrist shot by Bobby Ryan.
2:09 of 3rd period - Deflect By Anton Stralman.
2:09 of 3rd period - Shot Blocked by Erik Cole.
2:09 of 3rd period - Puck is out of play.
2:10 of 3rd period - Steven Stamkos wins face-off versus Georges Laraque in Coyotes zone.
2:18 of 3rd period - Minor Penalty to Bobby Ryan for Tripping.
2:19 of 3rd period - Ryan Kesler wins face-off versus Tim Connolly in Penguins zone.
2:30 of 3rd period - Slapshot by Wade Redden.
2:30 of 3rd period - Deflect By Simon Gagné.
2:30 of 3rd period - Stopped by Brian Elliott with a rebound.
2:47 of 3rd period - Icing by Nazem Kadri.
2:48 of 3rd period - Nazem Kadri wins face-off versus Ryan Kesler in Coyotes zone.
2:55 of 3rd period - Slapshot by Sergei Shirokov.
2:55 of 3rd period - Goal by Sergei Shirokov - Penguins : 1 - Coyotes : 3.
2:56 of 3rd period - Tim Connolly wins face-off versus Ryan Kesler in neutral zone.
3:01 of 3rd period - Slapshot by Marian Gaborik.
3:01 of 3rd period - Stopped by Brian Elliott with a rebound.
3:18 of 3rd period - Icing by Tyler Ennis.
3:19 of 3rd period - Tim Connolly wins face-off versus Steven Stamkos in Coyotes zone.
3:19 of 3rd period - Tim Connolly is hit by Brent Sopel.
3:24 of 3rd period - Minor Penalty to Steven Stamkos for Interference.
3:25 of 3rd period - Ryan Kesler wins face-off versus Tim Connolly in Penguins zone.
3:53 of 3rd period - Minor Penalty to Tyler Ennis for Charging.
3:54 of 3rd period - Ryan Kesler wins face-off versus Marian Gaborik in Coyotes zone.
4:09 of 3rd period - Snap shot by Tim Connolly.
4:09 of 3rd period - Shot Misses the Net.
4:31 of 3rd period - Snap shot by Nazem Kadri.
4:31 of 3rd period - Shot Misses the Net.
4:33 of 3rd period - Snap shot by Drew Miller.
4:33 of 3rd period - Stopped by Brian Elliott without a rebound.
4:34 of 3rd period - Steve Sullivan wins face-off versus Nazem Kadri in Penguins zone.
4:44 of 3rd period - Slapshot by Anton Stralman.
4:44 of 3rd period - Shot Misses the Net.
4:46 of 3rd period - Snap shot by Nazem Kadri.
4:46 of 3rd period - Stopped by Brian Elliott with a rebound.
5:24 of 3rd period - Penalty to Steven Stamkos is over, Steven Stamkos is back on ice.
5:53 of 3rd period - Penalty to Tyler Ennis is over, Tyler Ennis is back on ice.
6:10 of 3rd period - Slapshot by Brian McGrattan.
6:10 of 3rd period - Deflect By Denis Arkhipov.
6:10 of 3rd period - Stopped by Ryan Miller without a rebound.
6:11 of 3rd period - Denis Arkhipov wins face-off versus Erik Christensen in Coyotes zone.
6:41 of 3rd period - Tim Connolly is hit by Bobby Ryan and loses puck.
7:10 of 3rd period - Drew Miller is hit by Steve Sullivan and loses puck.
7:21 of 3rd period - Steve Sullivan is hit by Anton Stralman and loses puck.
7:28 of 3rd period - Backhand shot by Drew Miller.
7:28 of 3rd period - Stopped by Brian Elliott with a rebound.
7:30 of 3rd period - Wrist shot by Sergei Shirokov.
7:30 of 3rd period - Shot Misses the Net.
7:32 of 3rd period - Snap shot by Frans Nielsen.
7:32 of 3rd period - Stopped by Brian Elliott without a rebound.
7:33 of 3rd period - Ryan Kesler wins face-off versus Tim Connolly in Penguins zone.
7:35 of 3rd period - Minor Penalty to Brent Sopel for Hooking.
7:36 of 3rd period - Ryan Kesler wins face-off versus Tim Connolly in Penguins zone.
8:16 of 3rd period - Slapshot by Denis Grebeshkov.
8:16 of 3rd period - Shot Blocked by Paul Ranger.
9:02 of 3rd period - Icing by Drew Miller.
9:03 of 3rd period - Bobby Ryan wins face-off versus Drew Miller in Coyotes zone.
9:35 of 3rd period - Penalty to Brent Sopel is over, Brent Sopel is back on ice.
10:20 of 3rd period - Snap shot by Steven Stamkos.
10:20 of 3rd period - Stopped by Ryan Miller without a rebound.
10:21 of 3rd period - Steven Stamkos wins face-off versus Tim Connolly in Coyotes zone.
10:22 of 3rd period - Wrist shot by Bobby Ryan.
10:22 of 3rd period - Shot Misses the Net.
10:39 of 3rd period - Anton Stralman is hit by Luke Schenn and loses puck.
10:58 of 3rd period - Snap shot by Ryan Kesler.
10:58 of 3rd period - Shot Misses the Net.
11:00 of 3rd period - Wrist shot by Paul Ranger.
11:00 of 3rd period - Stopped by Ryan Miller with a rebound.
11:03 of 3rd period - Minor Penalty to Ryan Kesler for Holding.
11:04 of 3rd period - Tim Connolly wins face-off versus Brian McGrattan in Penguins zone.
11:13 of 3rd period - Wrist shot by Marian Gaborik.
11:13 of 3rd period - Shot Blocked by Brooks Orpik.
11:15 of 3rd period - Snap shot by Tim Connolly.
11:15 of 3rd period - Deflect By Marian Gaborik.
11:15 of 3rd period - Goal by Marian Gaborik - Penguins : 1 - Coyotes : 4.
11:16 of 3rd period - Ryan Kesler wins face-off versus Tim Connolly in neutral zone.
11:41 of 3rd period - Steven Stamkos is hit by Erik Cole and loses puck.
12:17 of 3rd period - Double Minor Penalty to Brent Sopel for Charging.
12:18 of 3rd period - Marian Gaborik wins face-off versus Ryan Kesler in Penguins zone.
12:22 of 3rd period - Wrist shot by Marian Gaborik.
12:22 of 3rd period - Shot Blocked by Sean Zimmerman.
12:44 of 3rd period - Brooks Orpik is hit by Tyler Ennis and loses puck.
12:57 of 3rd period - Paul Ranger is hit by Tyler Ennis and loses puck.
14:31 of 3rd period - Slapshot by Matt Taormina.
14:31 of 3rd period - Shot Misses the Net.
14:33 of 3rd period - Wrist shot by Anton Stralman.
14:33 of 3rd period - Stopped by Brian Elliott without a rebound.
14:34 of 3rd period - Ryan Kesler wins face-off versus Tim Connolly in Penguins zone.
15:22 of 3rd period - Tyler Ennis is hit by Brian McGrattan and loses puck.
15:35 of 3rd period - Brooks Orpik is hit by Tyler Ennis and loses puck.
15:59 of 3rd period - Snap shot by Erik Christensen.
15:59 of 3rd period - Shot Misses the Net.
16:01 of 3rd period - Slapshot by Matt Taormina.
16:01 of 3rd period - Shot Misses the Net.
16:03 of 3rd period - Snap shot by Erik Christensen.
16:03 of 3rd period - Goal by Erik Christensen - Penguins : 1 - Coyotes : 5.
16:04 of 3rd period - Ryan Kesler wins face-off versus Frans Nielsen in neutral zone.
16:07 of 3rd period - Slapshot by Brooks Orpik.
16:07 of 3rd period - Shot Blocked by Wade Redden.
16:09 of 3rd period - Snap shot by Simon Gagné.
16:09 of 3rd period - Deflect By Ryan Kesler.
16:09 of 3rd period - Shot Blocked by Sergei Shirokov.
16:09 of 3rd period - Puck is out of play.
16:10 of 3rd period - Simon Gagné wins face-off versus Frans Nielsen in Coyotes zone.
16:26 of 3rd period - Slapshot by Drew Miller.
16:26 of 3rd period - Shot Blocked by Sean Zimmerman.
16:50 of 3rd period - Wrist shot by Simon Gagné.
16:50 of 3rd period - Shot Misses the Net.
16:52 of 3rd period - Wrist shot by Brooks Orpik.
16:52 of 3rd period - Stopped by Ryan Miller with a rebound.
16:54 of 3rd period - Slapshot by Sean Zimmerman.
16:54 of 3rd period - Shot Blocked by Wade Redden.
17:07 of 3rd period - Snap shot by Ryan Kesler.
17:07 of 3rd period - Stopped by Ryan Miller without a rebound.
17:08 of 3rd period - Tim Connolly wins face-off versus Steven Stamkos in Coyotes zone.
17:10 of 3rd period - Minor Penalty to Matt Taormina for Hooking.
17:11 of 3rd period - Frans Nielsen wins face-off versus Steven Stamkos in Coyotes zone.
17:29 of 3rd period - Denis Grebeshkov is hit by Bobby Ryan and loses puck.
18:03 of 3rd period - Slapshot by Bobby Ryan.
18:03 of 3rd period - Stopped by Ryan Miller with a rebound.
18:49 of 3rd period - Jan Hlavac is hit by Brent Sopel.
19:10 of 3rd period - Penalty to Matt Taormina is over, Matt Taormina is back on ice.
19:13 of 3rd period - Snap shot by Ladislav Nagy.
19:13 of 3rd period - Stopped by Ryan Miller without a rebound.
19:14 of 3rd period - Tim Connolly wins face-off versus Denis Arkhipov in Coyotes zone.
19:23 of 3rd period - Slapshot by Brian McGrattan.
19:23 of 3rd period - Deflect By Denis Arkhipov.
19:23 of 3rd period - Shot Blocked by Brendon Nash.
19:23 of 3rd period - Puck is out of play.
19:24 of 3rd period - Tim Connolly wins face-off versus Oleg Kvasha in Coyotes zone.
19:24 of 3rd period - Tim Connolly is hit by Steve Sullivan.
19:32 of 3rd period - Snap shot by Darren Reid.
19:32 of 3rd period - Stopped by Ryan Miller without a rebound.
19:33 of 3rd period - Oleg Kvasha wins face-off versus Tim Connolly in Coyotes zone.
19:33 of 3rd period - Oleg Kvasha is hit by Wade Redden.
19:35 of 3rd period - Snap shot by Steve Sullivan.
19:35 of 3rd period - Stopped by Ryan Miller with a rebound.
19:37 of 3rd period - Slapshot by Luke Schenn.
19:37 of 3rd period - Stopped by Ryan Miller with a rebound.
19:39 of 3rd period - Snap shot by Steve Sullivan.
19:39 of 3rd period - Shot Misses the Net.
19:41 of 3rd period - Slapshot by Brent Sopel.
19:41 of 3rd period - Shot Misses the Net.
19:43 of 3rd period - Wrist shot by Steve Sullivan.
19:43 of 3rd period - Shot Blocked by Tyler Ennis.
19:45 of 3rd period - Backhand shot by Luke Schenn.
19:45 of 3rd period - Shot Misses the Net.
19:49 of 3rd period - Wrist shot by Steve Sullivan.
19:49 of 3rd period - Shot Misses the Net.
19:51 of 3rd period - Wrist shot by Oleg Kvasha.
19:51 of 3rd period - Goal by Oleg Kvasha - Penguins : 2 - Coyotes : 5.
19:52 of 3rd period - Ryan Kesler wins face-off versus Tim Connolly in neutral zone.
19:57 of 3rd period - Snap shot by Simon Gagné.
19:57 of 3rd period - Stopped by Ryan Miller with a rebound.
Goals for this period are 1 for Penguins vs 3 for Coyotes.
Shots for this period are 12 for Penguins vs 10 for Coyotes.


Output by the SimonT Hockey Simulator (STHS) for François Prévost -- Original Page W3C XHTML 1.0 Valid
Hockey Simulator - Hockey Simulation - Hockey Manager